 Dungeon Crawl Stone Soup version 0.19.5 (webtiles) character file.

30 Gargoyl the Skirmisher (level 3, -2/33 HPs)
             Began as a Ghoul Abyssal Knight on May 6, 2017.
             Was a Follower of Lugonu.
             Killed from afar by Sigmund (13 damage)
             ... with a puff of flame
             ... on level 2 of the Dungeon.
             The game lasted 00:03:00 (1060 turns).

Gargoyl the Skirmisher (Ghoul Abyssal Knight)       Turns: 1060, Time: 00:03:01

Health: -2/33      AC:  4    Str: 15    XL:     3   Next: 20%
Magic:  3/3        EV: 13    Int: 12    God:    Lugonu [*.....]
Gold:   47         SH:  0    Dex: 14    Spells: 0 memorised, 2 levels left

rFire  . . .     SeeInvis .     a - +1 hand axe
rCold  + . .     Gourm    .     b - +0 leather armour
rNeg   + + +     Faith    .     e - +0 shield
rPois  ∞         Spirit   .     (no helmet)
rElec  .         Reflect  .     m - +0 cloak
rCorr  .         Harm     .     (no gloves)
MR     .....                    (no boots)
Stlth  ++........               (no amulet)
                                (no ring)
                                (no ring)

@: confused, brilliant, agile, rotting
A: rotting body, claws 1, carnivore 3, cold resistance 1, negative energy
resistance 3, slow regeneration 1, torment resistance, unbreathing
a: Depart the Abyss, Renounce Religion


You were on level 2 of the Dungeon.
You worshipped Lugonu.
Lugonu was aware of your devotion.
You were not hungry.

You visited 1 branch of the dungeon, and saw 2 of its levels.
You visited the Abyss 1 time.

You collected 47 gold pieces.

Inventory:

Hand Weapons
 a - a +1 hand axe (weapon)
Armour
 b - a +0 leather armour (worn)
 e - a +0 shield (worn)
 m - a +0 cloak (worn)
Wands
 d - a wand of iceblast (1/15)
Scrolls
 f - 2 scrolls of identify
Potions
 k - a potion of brilliance
Comestibles
 c - 2 meat rations


   Skills:
 + Level 3.7 Fighting
 + Level 2.2 Axes
 * Level 2.0 Armour
 + Level 1.0 Dodging
 + Level 0.3 Shields
 * Level 2.4 Invocations


You had 2 spell levels left.
You didn't know any spells.

Dungeon Overview and Level Annotations

Branches:
Dungeon (2/15)

Altars:

Annotations:
D:2 Sigmund


Innate Abilities, Weirdness & Mutations

Your body is rotting away.
You thrive on raw meat.
You are immune to poison.
You have sharp fingernails.
You are carnivorous and can eat meat at any time.
Your flesh is cold resistant. (rC+)
You are immune to negative energy. (rN+++)
You regenerate slowly when monsters are visible.
You are immune to unholy pain and torment.
You can survive without breathing.


Message History

You hear some strange, mumbled words.
You are more confused.
You bump into the rock wall.
You hear some strange, mumbled words.
Something tries to affect you, but you resist.
You're too confused to move!
Something barely misses you.
You bump into the rock wall.
You hear some strange, mumbled words.
You are more confused.
Something hits you.
You hear some strange, mumbled words.
A magic dart appears from out of thin air!
The magic dart hits you! Something hits you!
You bump into the rock wall.
Something hits you.
You hear some strange, mumbled words.
A puff of flame appears from out of thin air!
The puff of flame hits you!
You die...

#. ###.##
...##....
#.......... #
........#.# ..#
..........####...#
........#<.......#
#.....#.##......##
##....#.#.###..##
.......#@{# .#
#.....# # #.#.#.#
# #.#.# #.....#
#.<..!# ...(.....
###.......#
......###


There were no monsters in sight!

Vanquished Creatures
  A dart slug (D:1)
  2 leopard geckos
  A giant cockroach (D:1)
  3 hobgoblins (D:1)
  2 ball pythons
  6 bats (D:1)
  3 frilled lizards
  3 goblins (D:1)
  4 kobolds (D:1)
  2 rats (D:1)
27 creatures vanquished.

Notes
Turn   | Place    | Note
-------+----------+-------------------------------------------
     0 | Abyss:1  | Gargoyl the Ghoul Abyssal Knight began the quest for the Orb.
     0 | Abyss:1  | Reached XP level 1. HP: 19/19 MP: 1/1
    43 | Abyss:2  | Noticed a small abomination
    52 | Abyss:2  | Noticed an ancient zyme
    59 | Abyss:2  | Noticed a smoke demon
    61 | Abyss:2  | Noticed a small abomination
    61 | D:1      | Escaped the Abyss
   169 | D:1      | Reached * piety under Lugonu
   196 | D:1      | Reached XP level 2. HP: 16/26 MP: 2/2
   684 | D:1      | Reached XP level 3. HP: 29/31 MP: 3/3
   867 | D:2      | Noticed Sigmund
   999 | D:1      | Reached skill level 1 in Dodging
  1060 | D:2      | Killed from afar by Sigmund

Skill      XL: |  1  2  3 |
---------------+----------+-----
Axes           | 2 |  2.2
Armour         | 2 |  2.0
Dodging        | 1 |  1.0
Fighting       | |  3.7
Shields        | |  0.3
Invocations    | |  2.4

Action                   || total
-------------------------++-------
Melee: Hand axe          ||    92
Invok: Depart the Abyss  ||     1
  Use: Scroll            ||     5
       Potion            ||     4
  Eat: Chunk             ||    14
Armor: Leather armour    ||    54
Dodge: Dodged            ||    50
Block: Shield            ||    40
